 Dungeon Crawl Stone Soup version 0.29.0-4-gdea44cf6ec (webtiles) character file.

Game seed: 17953322150932848064

9192 qw the Grappler (level 11, -9/105 HPs)
             Began as a Troll Cinder Acolyte on Sept 2, 2022.
             Was a Follower of Okawaru.
             Mangled by a fire elemental (10 damage)
             ... created by the fiery vengeance of Ignis
             ... on level 2 of the Lair of Beasts.
             The game lasted 00:04:24 (9298 turns).

qw the Grappler (Troll Cinder Acolyte)              Turns: 9298, Time: 00:04:24

Health: -9/105     AC:  7    Str: 28    XL:     11   Next: 19%
Magic:  10/12      EV: 10    Int: 10    God:    Okawaru [*.....]
Gold:   407        SH:  0    Dex:  5    Spells: 12/12 levels left

rFire   . . .      SeeInvis .     - Unarmed
rCold   . . .      Faith    .   (no shield)
rNeg    . . .      Spirit   .   n - +2 robe {Will+}
rPois   .          Reflect  .   (helmet restricted)
rElec   .          Harm     .   b - +0 cloak
rCorr   .          Rampage  .   (gloves unavailable)
Will    +....                   (boots unavailable)
Stlth   ++........              (no amulet)
HPRegen 1.07/turn               (no ring)
MPRegen 0.13/turn               (no ring)

@: about to teleport, heroic, fire susceptible
A: large, unfitting armour, claws 3, regeneration 1, shaggy fur 1, tough skin 1
a: Renounce Religion, Heroism


You were on level 2 of the Lair of Beasts.
You worshipped Okawaru.
Okawaru was aware of your devotion.
You visited 2 branches of the dungeon, and saw 10 of its levels.
You also visited: Ossuary.

You collected 527 gold pieces.
You spent 120 gold pieces at shops.


Innate Abilities, Weirdness & Mutations

You are too large for most types of armour.
You have claws for hands.
Your natural rate of healing is unusually fast.
You are covered in fur. (AC +1)
You have tough skin. (AC +1)


   Skills:
 - Level 6.2(11.2) Fighting
 - Level 5.0(10.0) Throwing
 - Level 1.2(6.2) Armour
 - Level 2.0(7.0) Dodging
 + Level 14.5(19.5) Unarmed Combat
 - Level 1.0 Spellcasting
 - Level 2.1 Fire Magic
 + Level 3.0 Invocations


You had 12 spell levels left.
You didn't know any spells.
Your spell library contained the following spells:

 Spells                   Type           Power      Damage    Failure   Level
 Scorch                   Fire           8%         2d5       22%         2

Inventory:

Missiles
 i - 4 javelins (quivered)
Armour
 b - a +0 cloak (worn)
 n - a +2 robe of willpower (worn)
Jewellery
 h - a ring of fire
Scrolls
 d - 3 scrolls of identify
 j - 5 scrolls of teleportation
 k - 2 scrolls of enchant weapon
Potions
 c - 3 potions of heal wounds
 e - 2 potions of mutation
 f - a potion of curing
 g - 3 potions of might
 l - a potion of cancellation

Dungeon Overview and Level Annotations

Branches:
Dungeon (8/15)             Temple (0/1) D:6            Lair (2/5) D:8
Ossuary (visited)
  Swamp: Lair:2-3    Shoals: Lair:2-3     Snake: Lair:2-3    Spider: Lair:2-3

Altars:
Ashenzari
Elyvilon
Nemelex Xobeh
Okawaru
Uskayaw
Vehumet
The Shining One

Shops:
D:3 !

Portals:
Ice
Cave: Lair:2

Annotations:
D:3 2 runed translucent doors, Xecuq's ghost, amateur TeWr
D:5 2 transporters, qw's ghost, novice TrCA


Message History

You start resting.
You feel like a meek peon again.
Magic restored.
You start resting.
You hear the loud crackling of a distant melting archway.
HP restored.
You hear the loud crackling of a distant melting archway.
d - 3 scrolls of identify (gained 1) Ignis calls forth spirits of fire to unmake you! 3 fire elementals come into view.
You see here a silver javelin.
You barely miss the fire elemental. Your claw misses the fire elemental.
You completely miss the fire elemental. The fire elemental hits you.
The fire elemental burns you!
You scratch the fire elemental. Your claw misses the fire elemental.
The fire elemental is lightly damaged.
The fire elemental closely misses you. The fire elemental hits you.
The fire elemental burns you! The fire elemental hits you.
The fire elemental burns you!
You barely miss the fire elemental.
The fire elemental is lightly damaged.
The fire elemental barely misses you. The fire elemental hits you.
The fire elemental burns you! The fire elemental barely misses you.
9296 ||| INVOKING Heroism.
You gain the combat prowess of a mighty hero.
The fire elemental barely misses you. The fire elemental hits you.
The fire elemental burns you! The fire elemental hits you.
The fire elemental burns you!
You claw the fire elemental!
The fire elemental is heavily damaged.
The fire elemental hits you. The fire elemental burns you!
The fire elemental barely misses you. The fire elemental hits you.
The fire elemental burns you!
9298 ||| READING 6 scrolls of teleportation.
As you read the scroll of teleportation, it crumbles to dust.
You feel strangely unstable. The fire elemental hits you.
The fire elemental burns you! The fire elemental hits you.
The fire elemental burns you! The fire elemental hits you.
The fire elemental burns you!
You die...

#.......%%##
##.........##
##.........###
#...........####
##.............#
###P>..........
##P.......(..
##..E.......
#.#.@E0(....
##...E......
##.#.0.....
.####.#... ##
#.##. ##


You could see 3 fire elementals.

Vanquished Creatures
  Erica (D:8)
  A lindwurm (Lair:2)
  Maurice (D:8)
  7 cane toads (Lair:1)
  2 komodo dragons
  2 trolls (D:7)
  6 blink frogs
  3 fire elementals (Lair:2)
  A wraith (Ossuary)
  16 water moccasins
  A black bear (D:8)
  2 centaurs
  A kobold brigand (D:7)
  A scorpion (D:5)
  6 bullfrogs
  A gnoll sergeant (D:8)
  9 killer bees
  An electric eel (Lair:1)
  2 jellies (D:6)
  2 hounds
  4 orc priests
  A human zombie (Ossuary)
  An iguana (D:6)
  5 orc wizards
  3 mummies (Ossuary)
  9 gnolls
  5 adders
  A shadow imp (D:5)
  A white imp (D:6)
  An ufetubus (D:4)
  2 worms (D:2)
  A dart slug (D:2)
  13 orcs
  A ball python (D:4)
  4 bats
  4 endoplasms
  4 giant cockroaches
  4 goblins
  7 hobgoblins
  2 jackals (D:1)
  10 kobolds
  5 quokkas
  2 frilled lizards
  4 goblin zombies (Ossuary)
  A hobgoblin zombie (Ossuary)
  3 kobold zombies (Ossuary)
  A rat (D:3)
165 creatures vanquished.

Vanquished Creatures (others)
  3 fungi
  5 plants
8 creatures vanquished.

Grand Total: 173 creatures vanquished

Notes
Turn   | Place    | Note
-------+----------+-------------------------------------------
     0 | D:1      | qw the Troll Cinder Acolyte began the quest for the Orb.
     0 | D:1      | Reached XP level 1. HP: 22/22 MP: 1/1
     0 | D:1      | 0 ||| qw: Version: 0.1-a-97-g2dd2ca4
     0 | D:1      | 0 ||| qw: Game counter: 4973
     0 | D:1      | 0 ||| qw: Always use a shield: true
     0 | D:1      | 0 ||| qw: God list: Okawaru
     0 | D:1      | 0 ||| qw: Allow faded altars: false
     0 | D:1      | 0 ||| qw: Do Orc after D:15 true
     0 | D:1      | 0 ||| qw: Do second Lair branch before Depths: true
     0 | D:1      | 0 ||| qw: Lair rune preference: random
     0 | D:1      | 0 ||| qw: Plans: Normal
     0 | D:1      | 0 ||| PLANNING D:1-11
   131 | D:1      | 131 ||| Stepping ~*~*~tactically~*~*~ (stealth).
   132 | D:1      | 132 ||| Stepping ~*~*~tactically~*~*~ (stealth).
   631 | D:1      | 631 ||| READING 2 scrolls labelled JESAMEESOE.
   632 | D:1      | 632 ||| READING scroll labelled FOYSY FALIA.
   681 | D:2      | Reached XP level 2. HP: 29/29 MP: 2/2
   742 | D:2      | Identified the +1 leather armour "Onic" {rCorr Str+5 Dex-2
                  | Slay+3}
   755 | D:2      | 755 ||| Stepping ~*~*~tactically~*~*~ (outnumbered).
  1057 | D:2      | Reached skill level 4 in Unarmed Combat
  1223 | D:2      | Found a faded altar of an unknown god.
  1356 | D:2      | 1356 ||| READING scroll labelled QAEL NAIRRAHU.
  1357 | D:2      | 1357 ||| READING scroll labelled KAROXOLLAI.
  1358 | D:2      | 1358 ||| READING scroll labelled PEHABB PUYZO.
  1359 | D:2      | 1359 ||| READING scroll labelled KID GIAPOUSHRAVINLI.
  1360 | D:2      | 1360 ||| Stepping randomly (stuck).
  1361 | D:2      | 1361 ||| Stepping ~*~*~tactically~*~*~ (cloud).
  1437 | D:3      | Found a large runed translucent door.
  1437 | D:3      | Found a large runed translucent door.
  1443 | D:3      | Reached XP level 3. HP: 36/36 MP: 3/3
  1446 | D:3      | Found Sinos's Distillery.
  1447 | D:3      | Noticed Xecuq's ghost (amateur TeWr)
  1461 | D:3      | 1461 ||| BUYING 2 potions of heal wounds (120 gold).
  1461 | D:3      | Bought 2 potions of heal wounds for 120 gold pieces
  1461 | D:3      | 1461 ||| SHOPLISTING potion of heal wounds (60 gold, have
                  | 12).
  1557 | D:3      | 1557 ||| Stepping ~*~*~tactically~*~*~ (hiding).
  1561 | D:3      | 1561 ||| INVOKING Fiery Armour.
  1570 | D:3      | Reached XP level 4. HP: 19/42 MP: 4/4
  1575 | D:3      | Reached skill level 5 in Unarmed Combat
  1615 | D:3      | 1615 ||| Stepping ~*~*~tactically~*~*~ (hiding).
  1629 | D:3      | 1629 ||| Stepping ~*~*~tactically~*~*~ (stealth).
  1671 | D:3      | 1671 ||| INVOKING Fiery Armour.
  1678 | D:3      | Reached XP level 5. HP: 42/50 MP: 5/5
  1678 | D:3      | 1678 ||| Stepping ~*~*~tactically~*~*~ (outnumbered).
  1679 | D:3      | 1679 ||| Stepping ~*~*~tactically~*~*~ (outnumbered).
  1706 | D:3      | 1706 ||| Stepping ~*~*~tactically~*~*~ (stealth).
  1707 | D:3      | 1707 ||| Stepping ~*~*~tactically~*~*~ (stealth).
  1711 | D:3      | Reached skill level 6 in Unarmed Combat
  2288 | D:3      | Found a sparkling altar of Nemelex Xobeh.
  2299 | D:3      | Found a glowing golden altar of the Shining One.
  2417 | D:3      | 2417 ||| DROPPING ring of flight.
  2418 | D:3      | 2418 ||| DRINKING 2 metallic orange potions.
  2947 | D:4      | Reached XP level 6. HP: 58/59 MP: 6/6
  3164 | D:4      | 3164 ||| DROPPING ring of magical power.
  3165 | D:4      | 3165 ||| READING scroll labelled EMUEROT OWAFF.
  3166 | D:4      | 3166 ||| READING scroll labelled RAQUES TEPHAYPT.
  3167 | D:4      | 3167 ||| DRINKING 2 purple potions.
  3168 | D:4      | 3168 ||| DROPPING potion of attraction.
  3198 | D:5      | Entered Level 5 of the Dungeon
  3248 | D:5      | Found an iron altar of Okawaru.
  3441 | D:5      | 3441 ||| Stepping ~*~*~tactically~*~*~ (hiding).
  3442 | D:5      | 3442 ||| Stepping ~*~*~tactically~*~*~ (hiding).
  3573 | D:5      | Identified the +3 quarterstaff of Tunycw {speed, Int+2}
  3575 | D:5      | Noticed qw's ghost (novice TrCA)
  3576 | D:5      | Found a transporter.
  3580 | D:5      | Found a transporter.
  3593 | D:5      | Reached skill level 7 in Unarmed Combat
  3631 | D:5      | Found a white marble altar of Elyvilon.
  4068 | D:5      | Found a radiant altar of Vehumet.
  4069 | D:5      | Found a hide-covered altar of Uskayaw.
  4180 | D:5      | 4180 ||| DRINKING 2 smoky grey potions.
  4201 | D:5      | 4201 ||| READING 2 scrolls of identify.
  4201 | D:5      | 4201 ||| IDENTIFYING dark potion
  4202 | D:5      | 4202 ||| DROPPING potion of degeneration.
  4203 | D:5      | 4203 ||| DROPPING potion of lignification.
  4224 | D:6      | 4224 ||| PLANNING OSSUARY
  4230 | D:6      | 4230 ||| Stepping ~*~*~tactically~*~*~ (hiding).
  4232 | D:6      | 4232 ||| Stepping ~*~*~tactically~*~*~ (hiding).
  4237 | D:6      | 4237 ||| INVOKING Fiery Armour.
  4305 | D:6      | Found a staircase to the Ecumenical Temple.
  4352 | D:6      | Noticed a water moccasin
  4360 | D:6      | Killed a water moccasin
  4361 | D:6      | Reached skill level 8 in Unarmed Combat
  4361 | D:6      | Reached XP level 7. HP: 62/66 MP: 7/7
  4405 | D:6      | Found a broken altar of Ashenzari.
  4407 | D:6      | 4407 ||| Stepping ~*~*~tactically~*~*~ (hiding).
  4410 | D:6      | 4410 ||| Stepping ~*~*~tactically~*~*~ (hiding).
  4460 | D:6      | Reached skill level 3 in Fighting
  4638 | D:6      | Found a sand-covered staircase.
  4639 | D:6      | 4639 ||| READING 2 scrolls labelled MINOCA CASM.
  4670 | D:6      | 4670 ||| READING 2 scrolls of identify.
  4670 | D:6      | 4670 ||| IDENTIFYING viscous brown potion
  4671 | D:6      | 4671 ||| DROPPING scroll of torment.
  4679 | Ossuary  | Entered an ossuary
  4679 | Ossuary  | Noticed a wraith
  4679 | Ossuary  | Noticed a wraith
  4679 | Ossuary  | Noticed a wraith
  4886 | Ossuary  | Reached skill level 9 in Unarmed Combat
  4919 | Ossuary  | Noticed a wraith
  4930 | Ossuary  | 4930 ||| INVOKING Fiery Armour.
  4931 | Ossuary  | Killed a wraith
  5181 | Ossuary  | Reached XP level 8. HP: 71/75 MP: 8/8
  5242 | Ossuary  | 5242 ||| READING scroll labelled VOSSOL NOUSS.
  5243 | Ossuary  | 5243 ||| READING scroll labelled MACEREW GURRYE.
  5244 | Ossuary  | 5244 ||| DRINKING 2 smoky clear potions.
  5245 | Ossuary  | 5245 ||| DRINKING 2 fuming orange potions.
  5246 | Ossuary  | 5246 ||| DRINKING 2 fizzy yellow potions.
  5247 | Ossuary  | 5247 ||| DRINKING 3 viscous coppery potions.
  5248 | Ossuary  | 5248 ||| READING 2 scrolls of identify.
  5248 | Ossuary  | 5248 ||| IDENTIFYING cyan potion
  5249 | Ossuary  | 5249 ||| DROPPING potion of ambrosia.
  5250 | Ossuary  | 5250 ||| DROPPING potion of brilliance.
  5251 | Ossuary  | 5251 ||| DROPPING 2 potions of magic.
  5284 | D:6      | 5284 ||| PLANNING D:1-11
  5357 | D:6      | 5357 ||| READING 2 scrolls labelled UKLIPS CEHOTA.
  5358 | D:6      | 5358 ||| DROPPING scroll of immolation.
  5394 | D:7      | 5394 ||| INVOKING Fiery Armour.
  5397 | D:7      | 5397 ||| Stepping ~*~*~tactically~*~*~ (outnumbered).
  5398 | D:7      | 5398 ||| Stepping ~*~*~tactically~*~*~ (outnumbered).
  5495 | D:7      | 5495 ||| Stepping ~*~*~tactically~*~*~ (stealth).
  5496 | D:7      | Noticed a troll
  5497 | D:7      | 5497 ||| Stepping ~*~*~tactically~*~*~ (stealth).
  5499 | D:7      | 5499 ||| Stepping ~*~*~tactically~*~*~ (stealth).
  5504 | D:7      | 5504 ||| Stepping ~*~*~tactically~*~*~ (outnumbered).
  5505 | D:7      | 5505 ||| Stepping ~*~*~tactically~*~*~ (outnumbered).
  5506 | D:7      | 5506 ||| Stepping ~*~*~tactically~*~*~ (outnumbered).
  5507 | D:7      | 5507 ||| Stepping ~*~*~tactically~*~*~ (outnumbered).
  5508 | D:7      | 5508 ||| Stepping ~*~*~tactically~*~*~ (outnumbered).
  5510 | D:7      | 5510 ||| Stepping ~*~*~tactically~*~*~ (outnumbered).
  5511 | D:7      | 5511 ||| FLEEEEING.
  5512 | D:7      | 5512 ||| FLEEEEING.
  5513 | D:7      | 5513 ||| FLEEEEING.
  5514 | D:7      | 5514 ||| FLEEEEING.
  5515 | D:7      | 5515 ||| FLEEEEING.
  5516 | D:7      | 5516 ||| FLEEEEING.
  5517 | D:7      | 5517 ||| FLEEEEING.
  5518 | D:7      | 5518 ||| FLEEEEING.
  5519 | D:7      | 5519 ||| FLEEEEING.
  5520 | D:7      | 5520 ||| FLEEEEING.
  5521 | D:7      | 5521 ||| FLEEEEING.
  5522 | D:7      | 5522 ||| FLEEEEING.
  5524 | D:7      | 5524 ||| FLEEEEING.
  5525 | D:7      | 5525 ||| FLEEEEING.
  5526 | D:7      | 5526 ||| FLEEEEING.
  5527 | D:7      | 5527 ||| FLEEEEING.
  5528 | D:7      | 5528 ||| FLEEEEING.
  5529 | D:7      | 5529 ||| FLEEEEING.
  5530 | D:7      | 5530 ||| FLEEEEING.
  5531 | D:7      | 5531 ||| FLEEEEING.
  5532 | D:7      | 5532 ||| FLEEEEING.
  5533 | D:7      | 5533 ||| FLEEEEING.
  5534 | D:7      | 5534 ||| FLEEEEING.
  5535 | D:7      | 5535 ||| STAIRDANCE
  5556 | D:6      | 5556 ||| READING 2 scrolls of identify.
  5556 | D:6      | 5556 ||| IDENTIFYING fuming coppery potion
  5557 | D:6      | 5557 ||| DROPPING potion of berserk rage.
  5560 | D:7      | 5560 ||| Stepping ~*~*~tactically~*~*~ (outnumbered).
  5562 | D:7      | 5562 ||| INVOKING Fiery Armour.
  5562 | D:7      | HP: 18/75 [troll (1)]
  5563 | D:7      | 5563 ||| READING 6 scrolls of teleportation.
  5564 | D:7      | 5564 ||| DRINKING 5 potions of heal wounds.
  5565 | D:7      | 5565 ||| Stepping ~*~*~tactically~*~*~ (outnumbered).
  5565 | D:7      | HP: 5/75 [troll (7)]
  5566 | D:7      | 5566 ||| DRINKING 4 potions of heal wounds.
  5648 | D:7      | Noticed a troll
  5658 | D:7      | Killed a troll
  5659 | D:7      | Reached skill level 10 in Unarmed Combat
  5748 | D:7      | 5748 ||| INVOKING Fiery Armour.
  5753 | D:7      | 5753 ||| Stepping ~*~*~tactically~*~*~ (outnumbered).
  5754 | D:7      | Killed a troll
  6158 | D:7      | 6158 ||| READING scroll labelled TIPRUY GOECHU.
  6159 | D:7      | 6159 ||| DRINKING 3 fuming grey potions.
  6160 | D:7      | 6160 ||| DROPPING 2 potions of flight.
  6213 | D:8      | 6213 ||| Stepping ~*~*~tactically~*~*~ (hiding).
  6217 | D:8      | 6217 ||| Stepping ~*~*~tactically~*~*~ (hiding).
  6223 | D:8      | 6223 ||| Stepping ~*~*~tactically~*~*~ (hiding).
  6228 | D:8      | 6228 ||| Stepping ~*~*~tactically~*~*~ (hiding).
  6230 | D:8      | 6230 ||| Stepping ~*~*~tactically~*~*~ (outnumbered).
  6231 | D:8      | 6231 ||| INVOKING Fiery Armour.
  6236 | D:8      | Reached skill level 11 in Unarmed Combat
  6236 | D:8      | 6236 ||| Stepping ~*~*~tactically~*~*~ (outnumbered).
  6236 | D:8      | HP: 19/78 [orc/puff of flame (2)]
  6237 | D:8      | 6237 ||| READING 6 scrolls of teleportation.
  6238 | D:8      | 6238 ||| DRINKING 4 potions of heal wounds.
  6239 | D:8      | Reached XP level 9. HP: 35/84 MP: 9/9
  6342 | D:8      | 6342 ||| Invisible monster not found???
  6349 | D:8      | 6349 ||| Stepping ~*~*~tactically~*~*~ (hiding).
  6430 | D:8      | Found a staircase to the Lair.
  6443 | D:8      | Noticed Maurice
  6455 | D:8      | 6455 ||| INVOKING Fiery Armour.
  6458 | D:8      | Killed Maurice
  6768 | D:8      | Reached skill level 12 in Unarmed Combat
  6824 | D:8      | Noticed Erica
  6825 | D:8      | 6825 ||| INVOKING Fiery Armour.
  6832 | D:8      | Killed Erica
  6840 | D:8      | 6840 ||| Stepping ~*~*~tactically~*~*~ (stealth).
  6981 | D:8      | 6981 ||| PLANNING LAIR
  6981 | D:8      | 6981 ||| UPGRADING to +0 cloak.
  6986 | D:8      | 6986 ||| UPGRADING to +2 robe of willpower.
  6996 | D:8      | 6996 ||| DROPPING +0 robe.
  6997 | D:8      | 6997 ||| READING scroll labelled DOSETT CID UHA.
  7053 | Lair:1   | Entered Level 1 of the Lair of Beasts
  7119 | Lair:1   | Noticed a cane toad
  7129 | Lair:1   | Killed a cane toad
  7190 | Lair:1   | 7190 ||| Stepping ~*~*~tactically~*~*~ (outnumbered).
  7234 | Lair:1   | Noticed a cane toad
  7236 | Lair:1   | Killed a cane toad
  7237 | Lair:1   | Reached XP level 10. HP: 96/96 MP: 10/10
  7304 | Lair:1   | Noticed a cane toad
  7308 | Lair:1   | Noticed a cane toad
  7309 | Lair:1   | 7309 ||| INVOKING Fiery Armour.
  7314 | Lair:1   | Killed a cane toad
  7317 | Lair:1   | Killed a cane toad
  7404 | Lair:1   | Reached skill level 13 in Unarmed Combat
  7713 | Lair:1   | Reached skill level 1 in Armour
  7895 | Lair:1   | Noticed a cane toad
  7896 | Lair:1   | 7896 ||| INVOKING Fiery Armour.
  7908 | Lair:1   | Killed a cane toad
  8048 | Lair:1   | Reached skill level 14 in Unarmed Combat
  8131 | Lair:1   | Found the +8 whip "Snakebite" {venom, curare, rPois}
  8511 | Lair:1   | 8511 ||| PLANNING CONVERSION TO OKAWARU
  8592 | D:5      | Fell from the grace of Ignis
  8592 | D:5      | Became a worshipper of Warmaster Okawaru
  8593 | D:5      | 8593 ||| PLANNING LAIR
  8676 | Lair:2   | Noticed a cane toad
  8677 | Lair:2   | 8677 ||| STAIRDANCE
  8716 | Lair:2   | 8716 ||| STAIRDANCE
  8719 | Lair:1   | Killed a cane toad
  8720 | Lair:1   | Reached skill level 6 in Fighting
  8770 | Lair:2   | 8770 ||| STAIRDANCE
  8806 | Lair:2   | 8806 ||| STAIRDANCE
  8850 | Lair:2   | 8850 ||| STAIRDANCE
  8881 | Lair:2   | 8881 ||| STAIRDANCE
  8898 | Lair:2   | Noticed a cane toad
  8899 | Lair:2   | 8899 ||| STAIRDANCE
  8913 | Lair:2   | Reached * piety under Okawaru
  8913 | Lair:2   | Noticed a lindwurm
  8914 | Lair:2   | 8914 ||| STAIRDANCE
  8916 | Lair:1   | 8916 ||| INVOKING Heroism.
  8917 | Lair:1   | Killed a cane toad
  8992 | Lair:2   | 8992 ||| INVOKING Heroism.
  8999 | Lair:2   | Killed a lindwurm
  9000 | Lair:2   | Reached skill level 1 in Invocations
  9000 | Lair:2   | Reached XP level 11. HP: 72/105 MP: 8/11
  9035 | Lair:2   | Found a frozen archway.
  9070 | Lair:2   | 9070 ||| INVOKING Heroism.
  9169 | Lair:2   | 9169 ||| INVOKING Heroism.
  9175 | Lair:2   | 9175 ||| Stepping ~*~*~tactically~*~*~ (outnumbered).
  9176 | Lair:2   | 9176 ||| Stepping ~*~*~tactically~*~*~ (outnumbered).
  9190 | Lair:2   | Reached ** piety under Okawaru
  9201 | Lair:2   | 9201 ||| INVOKING Heroism.
  9212 | Lair:2   | Reached skill level 3 in Invocations
  9296 | Lair:2   | 9296 ||| INVOKING Heroism.
  9297 | Lair:2   | HP: 25/105 [fire elemental[the fiery vengeance of Ignis]
                  | (8)]
  9298 | Lair:2   | 9298 ||| READING 6 scrolls of teleportation.
  9298 | Lair:2   | HP: 12/105 [fire elemental[the fiery vengeance of Ignis]
                  | (14)]
  9298 | Lair:2   | HP: 1/105 [fire elemental[the fiery vengeance of Ignis]
                  | (11)]
  9298 | Lair:2   | Mangled by a fire elemental

Levels and vault maps discovered:
D:1:      eino_arrival_cavern_e, layout_loops_ring, serial_bayou_pond_d
D:2:      layout_loops_ring, shapermc_ecumenical_altar_hornbeckon, minmay_tall_x
D:3:      layout_basic, amethyst_overflow_temple_binary,
          ebering_ghost_disaster_area, serial_shops, shop
D:4:      layout_basic
D:5:      layout_basic, general_overflow_altar, gammafunk_temple_overflow_pools,
          overflow_temple_1_default, gammafunk_ghost_arena
D:6:      layout_rooms, ashenzari_conservatory_becter,
          minmay_temple_entry_offerings, nicolae_ossuary_entry_plus
D:7:      layout_gridville, wad_woods_river_04
D:8:      layout_loops_ring, lair_entry_dummy, uniq_maurice, uniq_erica
Lair:1:   minmay_guarded_unrand_snakebite, layout_small_grid,
          serial_bayou_lagoon_b, lemuel_fruit_fields
Lair:2:   minmay_lair_venomous_thicket, layout_hall_layers, dummy_snake_entry,
          portal_ice_cave_entry_pillars_1, beast_lair_carwin_11,
          serial_bayou_shore_b, uniq_sonja

Skill      XL: |  1  2  3  4  5  6  7  8  9 10 11 |
---------------+----------------------------------+-----
Unarmed Combat | 4 5 6 8 9 11 12 14 | 14.5
Fighting       | 3 4 5 6 |  6.2
Dodging        | 2 |  2.0
Throwing       | 4 5 |  5.0
Armour         | 1 |  1.2
Invocations    | 1 3 |  3.0
Spellcasting   | |  1.0
Fire Magic     | |  2.1

Action                   |  1- 3 |  4- 6 |  7- 9 | 10-12 || total
-------------------------+-------+-------+-------+-------++-------
Melee: Unarmed           |    78 |    88 |   178 |   154 ||   498
       Punch             |     1 |     2 |     3 |     6 ||    12
Throw: Javelin           |       |       |     8 |    36 ||    44
Invok: Fiery Armour      |     1 |     2 |     7 |     2 ||    12
       Heroism           |       |       |       |     6 ||     6
  Use: Scroll            |     6 |     3 |    11 |     1 ||    21
       Potion            |       |     3 |     8 |       ||    11
Armor: Robe              |    12 |    23 |    63 |    47 ||   145
Dodge: Dodged            |    31 |    33 |    80 |    71 ||   215

Table legend:
 A = Non-vault XP
 B = Vault XP
 C = Vault XP percentage of total XP
 D = Non-vault monster count
 E = Vault monster count
 F = Vault count percentage of total count
                 A         B        C        D         E       F
            +---------+---------+-------+---------+---------+-------
      Total |   10304 |    2828 |  21.5 |     131 |      31 |  19.1
            +---------+---------+-------+---------+---------+-------
        D:1 |      10 |       0 |   0.0 |       6 |       0 |   0.0
        D:2 |      25 |       5 |  16.7 |       9 |       4 |  30.8
        D:3 |     287 |       0 |   0.0 |      27 |       0 |   0.0
        D:4 |      82 |       0 |   0.0 |      12 |       0 |   0.0
        D:5 |     259 |       0 |   0.0 |       4 |       0 |   0.0
        D:6 |     486 |       0 |   0.0 |       9 |       0 |   0.0
        D:7 |    1114 |       0 |   0.0 |      13 |       0 |   0.0
        D:8 |     787 |    1301 |  62.3 |      23 |       2 |   8.0
     Lair:1 |    4618 |    1238 |  21.1 |      17 |      12 |  41.4
     Lair:2 |    2636 |       0 |   0.0 |      11 |       0 |   0.0
    Ossuary |       0 |     284 | 100.0 |       0 |      13 | 100.0
            +---------+---------+-------+---------+---------+-------
